[Event "Slovakia Open Piestany-A 2022"]
[Site "Piestany"]
[Date "2022.07.13"]
[Round "4.13"]
[White "Pacher, Milan"]
[Black "Leszko, Bence"]
[Result "1-0"]
[ECO "B45"]
[WhiteElo "2399"]
[BlackElo "2241"]
[Annotator "ChessBase"]
[PlyCount "77"]
[EventDate "2022.07.12"]
[EventType "swiss"]
[EventCountry "SVK"]
[SourceTitle "playchess.com"]
[Source "ChessBase"]
[SourceQuality "1"]
[TimeControl "40/5400+30:1800+30"]

1. e4 c5 2. Nf3 e6 3. d4 cxd4 4. Nxd4 Nf6 5. Nc3 Nc6 6. Ndb5 Bc5 7. Bf4 O-O 8. Bc7 Qe7 9. Bd6 Bxd6 10. Qxd6 Qd8 11. O-O-O a6 12. Nd4 Ne7 13. f3 b5 14. Nb3 Ne8 15. Qd2 b4 16. Na4 a5 17. Kb1 d6 18. Qf2 Rb8 19. e5 Bd7 20. exd6 Bxa4 21. dxe7 Qxd1+ 22. Nc1 Rc8 23. b3 Bb5 24. Bd3 Qxh1 25. Bxh7+ Kxh7 26. exf8=Q Qxh2 27. Qxf7 Qh6 28. g4 Rc7 29. Qf8 Rc3 30. f4 Qh1 31. Kb2 Rf3 32. Q2c5 Bd7 33. Qf7 Rc3 34. Qe5 Rc7 35. g5 Qg2 36. Ne2 a4 37. bxa4 Qg4 38. Qe4+ Qf5 39. Qh1+ 1-0

[Event "Slovakia Open Piestany-A 2022"]
[Site "Piestany"]
[Date "2022.07.13"]
[Round "4.14"]
[White "Czerw, Dawid"]
[Black "Mullick, Raahil"]
[Result "1-0"]
[ECO "B51"]
[WhiteElo "2391"]
[BlackElo "2237"]
[Annotator "ChessBase"]
[PlyCount "79"]
[EventDate "2022.07.12"]
[EventType "swiss"]
[EventCountry "SVK"]
[SourceTitle "playchess.com"]
[Source "ChessBase"]
[SourceQuality "1"]
[TimeControl "40/5400+30:1800+30"]

1. e4 c5 2. Nf3 d6 3. Bb5+ Nd7 4. O-O a6 5. Bd3 Ngf6 6. Re1 g6 7. c3 Bg7 8. Bc2 O-O 9. d4 e5 10. a4 b6 11. dxe5 dxe5 12. c4 Bb7 13. Nc3 Qc7 14. a5 bxa5 15. Nd5 Nxd5 16. cxd5 h6 17. Bd2 Qd6 18. Bxa5 f5 19. Nd2 Qf6 20. f3 Nb6 21. Bd3 Nc8 22. Qc2 Nd6 23. Qxc5 Rfc8 24. Qe3 f4 25. Qe2 Bf8 26. Rec1 Qf7 27. b4 Qe8 28. Nb3 Nb5 29. Bxb5 axb5 30. Nc5 Rcb8 31. Bc7 Rc8 32. Rxa8 Bxa8 33. d6 Bc6 34. Qa2+ Qf7 35. Qxf7+ Kxf7 36. Nd3 Be8 37. Ra1 Bg7 38. Ra7 Bd7 39. Nc5 Ke8 40. Ba5 1-0

[Event "Slovakia Open Piestany-A 2022"]
[Site "Piestany"]
[Date "2022.07.13"]
[Round "4.15"]
[White "Favaloro, Andrea"]
[Black "Gyerpal, Adrian"]
[Result "1-0"]
[ECO "E62"]
[WhiteElo "2361"]
[BlackElo "2193"]
[Annotator "ChessBase"]
[PlyCount "77"]
[EventDate "2022.07.12"]
[EventType "swiss"]
[EventCountry "SVK"]
[SourceTitle "playchess.com"]
[Source "ChessBase"]
[SourceQuality "1"]
[TimeControl "40/5400+30:1800+30"]

1. Nf3 Nf6 2. g3 g6 3. Bg2 Bg7 4. d4 O-O 5. c4 d6 6. Nc3 Nc6 7. O-O e5 8. dxe5 dxe5 9. Bg5 Be6 10. Qc1 Qc8 11. Rd1 Re8 12. b3 Nd7 13. Bh6 Bh8 14. Ng5 Nd4 15. Nxe6 fxe6 16. Qd2 Nf6 17. Bg5 Bg7 18. e3 Nf5 19. Bxf6 Bxf6 20. Ne4 Bg7 21. Qe2 Re7 22. Rd3 Qf8 23. Rad1 c6 24. R1d2 h6 25. Qd1 Kh7 26. h4 Rae8 27. Kh2 Bf6 28. h5 g5 29. Nd6 Nxd6 30. Rxd6 Kg7 31. Be4 Rc7 32. Bg6 Be7 33. Rxe6 Rd8 34. Kg2 Rxd2 35. Qxd2 Qd8 36. Qc2 Rd7 37. Qf5 Bd6 38. Re8 Qc7 39. Bh7 1-0

[Event "Slovakia Open Piestany-A 2022"]
[Site "Piestany"]
[Date "2022.07.13"]
[Round "4.16"]
[White "Travnicek, Krystof Mikulas"]
[Black "Marek, Matyas"]
[Result "0-1"]
[ECO "B51"]
[WhiteElo "2138"]
[BlackElo "2354"]
[Annotator "ChessBase"]
[PlyCount "80"]
[EventDate "2022.07.12"]
[EventType "swiss"]
[EventCountry "SVK"]
[SourceTitle "playchess.com"]
[Source "ChessBase"]
[SourceQuality "1"]
[TimeControl "40/5400+30:1800+30"]

1. e4 c5 2. Nf3 d6 3. Bb5+ Nd7 4. c3 Ngf6 5. Qe2 a6 6. Ba4 b5 7. Bc2 Bb7 8. d4 cxd4 9. cxd4 Rc8 10. O-O Rxc2 11. Qxc2 Bxe4 12. Qe2 Qa8 13. Bf4 e6 14. a4 b4 15. Nbd2 Bd5 16. Nc4 Ne4 17. Ne3 Bb7 18. Nd2 Nxd2 19. Qxd2 a5 20. Rfe1 Nb6 21. f3 Kd7 22. Rac1 Nd5 23. Nc4 Qa7 24. Bg3 Be7 25. b3 h5 26. Bf2 g5 27. Be3 Rg8 28. Qd3 f5 29. Qe2 Rg6 30. Nd2 Ba6 31. Nc4 g4 32. f4 h4 33. Qd2 Bd8 34. Red1 h3 35. g3 Qb7 36. Re1 Rg8 37. Qf2 Nc3 38. Nd2 Qd5 39. Nb1 Bb7 40. Kf1 Qh1+ 0-1

[Event "Slovakia Open Piestany-A 2022"]
[Site "Piestany"]
[Date "2022.07.13"]
[Round "4.17"]
[White "Farkas, Gabor"]
[Black "Tripodi, Enzo"]
[Result "1-0"]
[ECO "E09"]
[WhiteElo "2335"]
[BlackElo "2141"]
[Annotator "ChessBase"]
[PlyCount "111"]
[EventDate "2022.07.12"]
[EventType "swiss"]
[EventCountry "SVK"]
[SourceTitle "playchess.com"]
[Source "ChessBase"]
[SourceQuality "1"]
[TimeControl "40/5400+30:1800+30"]

1. d4 Nf6 2. c4 e6 3. g3 d5 4. Nf3 Be7 5. Bg2 O-O 6. O-O c6 7. Qc2 Nbd7 8. Nbd2 b6 9. e4 dxe4 10. Nxe4 Bb7 11. Rd1 Nxe4 12. Qxe4 Nf6 13. Qc2 Qc7 14. Bf4 Bd6 15. Bxd6 Qxd6 16. c5 Qc7 17. Rac1 b5 18. Ne5 Rad8 19. Qe2 Nd5 20. Be4 Bc8 21. f4 Bd7 22. Bb1 Be8 23. Nf3 Qe7 24. Re1 g6 25. Rcd1 Bd7 26. Ng5 f5 27. a3 h6 28. Nf3 Kh7 29. Ne5 Be8 30. Nf3 Rf6 31. h4 Qg7 32. Kf2 Qc7 33. Ba2 Qe7 34. Qe5 Kg8 35. Rd2 Qg7 36. Rde2 Qe7 37. Bxd5 Rxd5 38. Qxf6 Qxf6 39. Rxe6 Qxe6 40. Rxe6 Kf7 41. Re1 a5 42. Ke3 Kf6 43. Kd3 Rd8 44. Ne5 h5 45. Kc3 Rb8 46. b3 a4 47. b4 Rd8 48. Re2 Kg7 49. Nf3 Kf6 50. d5 cxd5 51. Kd4 Bd7 52. Ne5 Bc8 53. c6 Ke6 54. Kc5 d4 55. Nf3+ Kf6 56. Nxd4 1-0

[Event "Slovakia Open Piestany-A 2022"]
[Site "Piestany"]
[Date "2022.07.13"]
[Round "4.18"]
[White "Bhambure, Shantanu"]
[Black "Drtina, Milan"]
[Result "1-0"]
[ECO "E91"]
[WhiteElo "2320"]
[BlackElo "2167"]
[Annotator "ChessBase"]
[PlyCount "85"]
[EventDate "2022.07.12"]
[EventType "swiss"]
[EventCountry "SVK"]
[SourceTitle "playchess.com"]
[Source "ChessBase"]
[SourceQuality "1"]
[TimeControl "40/5400+30:1800+30"]

1. d4 Nf6 2. c4 g6 3. Nc3 Bg7 4. e4 d6 5. Nf3 O-O 6. Be2 c6 7. O-O Qc7 8. Be3 e5 9. d5 c5 10. Ne1 a6 11. Nd3 Re8 12. a3 Nbd7 13. Qc2 Rb8 14. b4 b6 15. Rab1 cxb4 16. axb4 h6 17. Rb3 g5 18. Rfb1 Bf8 19. f3 Nh5 20. g3 Ndf6 21. Qd2 Ng7 22. Kg2 Nh7 23. g4 Be7 24. h4 Bd7 25. h5 Nf6 26. Ra3 Ra8 27. Rba1 Qb7 28. c5 bxc5 29. bxc5 dxc5 30. Nxe5 Bd6 31. Nc4 Bc7 32. Bxc5 Bf4 33. Qd4 Nfxh5 34. gxh5 f5 35. Nd6 Bxd6 36. Bxd6 fxe4 37. fxe4 a5 38. Be5 Re7 39. Rxa5 Rxa5 40. Rxa5 Bc8 41. d6 Rf7 42. Bxg7 Rxg7 43. Qd5+ 1-0

[Event "Slovakia Open Piestany-A 2022"]
[Site "Piestany"]
[Date "2022.07.13"]
[Round "4.19"]
[White "Bochnicka, Vladimir"]
[Black "Nadzamova, Viktoria"]
[Result "1-0"]
[ECO "B47"]
[WhiteElo "2295"]
[BlackElo "2133"]
[Annotator "ChessBase"]
[PlyCount "65"]
[EventDate "2022.07.12"]
[EventType "swiss"]
[EventCountry "SVK"]
[SourceTitle "playchess.com"]
[Source "ChessBase"]
[SourceQuality "1"]
[TimeControl "40/5400+30:1800+30"]

1. e4 c5 2. Nf3 e6 3. d4 cxd4 4. Nxd4 Nc6 5. Nc3 Qc7 6. Qd3 a6 7. Nxc6 bxc6 8. Qg3 Qxg3 9. hxg3 d5 10. Bf4 Nf6 11. Na4 Nd7 12. O-O-O Be7 13. Bd3 Bb7 14. Rhe1 Rc8 15. Kb1 Kf8 16. g4 g5 17. Bd2 d4 18. g3 c5 19. b3 Kg7 20. f4 h5 21. e5 hxg4 22. f5 f6 23. exf6+ Bxf6 24. Rxe6 Rh3 25. Nb6 Nxb6 26. Rxb6 Bf3 27. Re1 Rxg3 28. Bxg5 Bxg5 29. Rg6+ Kf8 30. Bc4 Be3 31. f6 Ke8 32. Be6 Kd8 33. Rg8+ 1-0

[Event "Slovakia Open Piestany-A 2022"]
[Site "Piestany"]
[Date "2022.07.13"]
[Round "4.20"]
[White "Warchol, Kamil"]
[Black "Svana, Peter"]
[Result "1/2-1/2"]
[ECO "B84"]
[WhiteElo "2121"]
[BlackElo "2280"]
[Annotator "ChessBase"]
[PlyCount "85"]
[EventDate "2022.07.12"]
[EventType "swiss"]
[EventCountry "SVK"]
[SourceTitle "playchess.com"]
[Source "ChessBase"]
[SourceQuality "1"]
[TimeControl "40/5400+30:1800+30"]

1. e4 c5 2. Nf3 d6 3. d4 cxd4 4. Nxd4 Nf6 5. Nc3 a6 6. f4 Nc6 7. Be2 e6 8. Be3 Bd7 9. O-O Qc7 10. Qe1 h5 11. Kh1 b5 12. a3 Be7 13. Rd1 h4 14. Bf2 h3 15. g3 Rc8 16. Bf3 Nxd4 17. Bxd4 Bc6 18. Qe2 Qb7 19. Bxf6 gxf6 20. f5 a5 21. fxe6 fxe6 22. Qe3 b4 23. axb4 Qxb4 24. Rb1 Ba8 25. Rfe1 Rc5 26. Ne2 f5 27. c3 Qb7 28. b4 Re5 29. bxa5 Qc8 30. Qa7 Kf7 31. Qe3 fxe4 32. Bg4 Bg5 33. Rf1+ Kg6 34. Nf4+ Kh6 35. Rb6 Rd5 36. Bxh3 Qc4 37. Bg2 e5 38. Nxd5 Bxe3 39. Rxd6+ Kg7 40. Rd7+ Kg6 41. Rd6+ Kg7 42. Rd7+ Kg6 43. Rd6+ 1/2-1/2

[Event "Slovakia Open Piestany-A 2022"]
[Site "Piestany"]
[Date "2022.07.13"]
[Round "4.21"]
[White "Savitha Shri B"]
[Black "Balint, Peter"]
[Result "1-0"]
[ECO "C77"]
[WhiteElo "2278"]
[BlackElo "2051"]
[Annotator "ChessBase"]
[PlyCount "103"]
[EventDate "2022.07.12"]
[EventType "swiss"]
[EventCountry "SVK"]
[SourceTitle "playchess.com"]
[Source "ChessBase"]
[SourceQuality "1"]
[TimeControl "40/5400+30:1800+30"]

1. e4 e5 2. Nf3 Nc6 3. Bb5 a6 4. Ba4 Nf6 5. Nc3 b5 6. Bb3 Be7 7. d3 d6 8. a3 O-O 9. h3 Be6 10. Nd5 h6 11. Be3 Nb8 12. g4 Nbd7 13. Rg1 Bxd5 14. exd5 g5 15. h4 Nh7 16. Qd2 Re8 17. O-O-O Ndf8 18. hxg5 Nxg5 19. Nh4 Ng6 20. Nxg6 fxg6 21. Rh1 Kg7 22. Kb1 Rf8 23. Qe2 Qd7 24. Rh2 Rf7 25. c3 Rh8 26. Rdh1 Bf6 27. Bc2 Re7 28. Qd1 c6 29. dxc6 Qxc6 30. f4 exf4 31. Bxf4 a5 32. d4 d5 33. Qd3 Re4 34. Qg3 Re7 35. Rf1 Qe6 36. Rhf2 Rf7 37. Bxg5 hxg5 38. Qd3 Qe4 39. Qxb5 Qe8 40. Qxd5 Rff8 41. Qxa5 Rh3 42. Qc7+ Rf7 43. Qb6 Re3 44. Ka2 Re6 45. Qa5 Rb7 46. Bd3 Reb6 47. Qd5 Qb8 48. Ka1 Qc7 49. Qe4 Bd8 50. d5 Qd6 51. Qd4+ Kg8 52. c4 1-0

[Event "Slovakia Open Piestany-A 2022"]
[Site "Piestany"]
[Date "2022.07.13"]
[Round "4.22"]
[White "Brhel, Jan"]
[Black "Krasenkow, Michal"]
[Result "1/2-1/2"]
[ECO "A41"]
[WhiteElo "2018"]
[BlackElo "2569"]
[Annotator "ChessBase"]
[PlyCount "79"]
[EventDate "2022.07.12"]
[EventType "swiss"]
[EventCountry "SVK"]
[SourceTitle "playchess.com"]
[Source "ChessBase"]
[SourceQuality "1"]
[TimeControl "40/5400+30:1800+30"]

1. Nf3 d6 2. d4 Bg4 3. g3 Bxf3 4. exf3 d5 5. h4 e6 6. Bd3 c5 7. c3 cxd4 8. Qb3 Qd7 9. cxd4 Nc6 10. Be3 g6 11. h5 Bg7 12. Nc3 Bxd4 13. Bxd4 Nxd4 14. Qd1 g5 15. Bxh7 Nxf3+ 16. Qxf3 Rxh7 17. O-O-O f6 18. Rhe1 O-O-O 19. Kb1 Kb8 20. g4 d4 21. Ne4 Qd5 22. Rc1 b6 23. Qd3 Rg7 24. h6 Nxh6 25. Nxf6 Qd6 26. Qb5 Rb7 27. Rc6 Qf4 28. Rcxe6 Nf7 29. Nd5 Qxf2 30. Nb4 Ka8 31. Qc6 Qg3 32. Re7 Nd6 33. Nd5 Kb8 34. Nb4 a5 35. Rxb7+ Nxb7 36. Re7 Qg1+ 37. Kc2 Qf2+ 38. Kd1 Qf1+ 39. Kd2 Qf2+ 40. Kd1 1/2-1/2

[Event "Slovakia Open Piestany-A 2022"]
[Site "Piestany"]
[Date "2022.07.13"]
[Round "4.23"]
[White "Domalchuk-Jonasson, Aleksandr"]
[Black "Sevcikova, Lucia"]
[Result "1-0"]
[ECO "A06"]
[WhiteElo "2244"]
[BlackElo "2036"]
[Annotator "ChessBase"]
[PlyCount "129"]
[EventDate "2022.07.12"]
[EventType "swiss"]
[EventCountry "SVK"]
[SourceTitle "playchess.com"]
[Source "ChessBase"]
[SourceQuality "1"]
[TimeControl "40/5400+30:1800+30"]

1. c4 c6 2. Nf3 d5 3. d4 Nf6 4. e3 e6 5. b3 Nbd7 6. Bb2 Bd6 7. Bd3 O-O 8. O-O b6 9. Nbd2 Bb7 10. Ne5 c5 11. Qe2 Ne4 12. Nxd7 Qxd7 13. cxd5 exd5 14. dxc5 Nxc5 15. Bb5 Qf5 16. b4 Ne4 17. a3 Nxd2 18. Qxd2 Be5 19. Bd4 Bxd4 20. Qxd4 Rac8 21. a4 Qe6 22. a5 a6 23. Be2 b5 24. Bg4 f5 25. Be2 Rc7 26. Rfd1 Rd8 27. Rd2 Rdc8 28. Qb2 Rd8 29. Rad1 Rcd7 30. h3 Rd6 31. Bf3 Kh8 32. Rd4 R6d7 33. Qb3 Qe5 34. Qa2 Rd6 35. Qa1 Qf6 36. Qa2 Qe5 37. Qd2 R6d7 38. Rc1 h6 39. Rc5 Qe6 40. g4 g6 41. Rc1 Kh7 42. Rd1 Bc6 43. Qd3 Qe5 44. Rf4 Rf7 45. Kg2 Qg7 46. gxf5 Rxf5 47. Rxf5 gxf5+ 48. Kf1 Qe5 49. Ke2 Rd7 50. Qd4 Qxd4 51. exd4 Kg6 52. Ke3 Kf6 53. Kf4 Re7 54. h4 Bb7 55. Rg1 Rc7 56. h5 Rc4 57. Rg6+ Kf7 58. Rxh6 Kg7 59. Rg6+ Kh7 60. Kg5 Rc1 61. Rd6 Bc8 62. Bxd5 Rg1+ 63. Kf6 f4 64. Rd8 Bh3 65. Be4+ 1-0

[Event "Slovakia Open Piestany-A 2022"]
[Site "Piestany"]
[Date "2022.07.13"]
[Round "4.24"]
[White "Matras, Ondrej"]
[Black "Compel, Daniel"]
[Result "1-0"]
[ECO "E32"]
[WhiteElo "2229"]
[BlackElo "2098"]
[Annotator "ChessBase"]
[PlyCount "69"]
[EventDate "2022.07.12"]
[EventType "swiss"]
[EventCountry "SVK"]
[SourceTitle "playchess.com"]
[Source "ChessBase"]
[SourceQuality "1"]
[TimeControl "40/5400+30:1800+30"]

1. d4 Nf6 2. c4 e6 3. Nc3 Bb4 4. Qc2 O-O 5. a3 Bxc3+ 6. Qxc3 b6 7. Bg5 Bb7 8. e3 d6 9. f3 c5 10. dxc5 dxc5 11. Rd1 Qe7 12. Nh3 Nbd7 13. Be2 Rfd8 14. O-O Nf8 15. Bd3 e5 16. Bf5 Rd6 17. Rxd6 Qxd6 18. Nf2 N8d7 19. Rd1 Qc7 20. Qd3 Nf8 21. Bxf6 gxf6 22. Ng4 Kg7 23. Qd6 Qxd6 24. Rxd6 Bc8 25. Bxc8 Rxc8 26. Nxf6 Ne6 27. Ng4 e4 28. fxe4 h5 29. Nf2 Rd8 30. Rd5 Kf6 31. Kf1 b5 32. cxb5 Rxd5 33. exd5 Nc7 34. Ne4+ Ke5 35. Nc3 1-0

[Event "Slovakia Open Piestany-A 2022"]
[Site "Piestany"]
[Date "2022.07.13"]
[Round "4.25"]
[White "Holly, Andrej"]
[Black "Walter, Ema"]
[Result "0-1"]
[ECO "C54"]
[WhiteElo "2213"]
[BlackElo "2000"]
[Annotator "ChessBase"]
[PlyCount "84"]
[EventDate "2022.07.12"]
[EventType "swiss"]
[EventCountry "SVK"]
[SourceTitle "playchess.com"]
[Source "ChessBase"]
[SourceQuality "1"]
[TimeControl "40/5400+30:1800+30"]

1. e4 e5 2. Nf3 Nc6 3. Bc4 Bc5 4. c3 Nf6 5. d3 h6 6. Nbd2 d6 7. Nf1 O-O 8. Ng3 Be6 9. Bb5 Ne7 10. O-O c6 11. Ba4 Qc7 12. d4 Bb6 13. Nh4 d5 14. exd5 Bxd5 15. Bc2 Rad8 16. Nh5 Nxh5 17. Qxh5 exd4 18. Bxh6 gxh6 19. Qxh6 f5 20. Rfe1 Rf7 21. c4 Rh7 22. Qg5+ Rg7 23. Rxe7 Qxe7 24. Qxe7 Rxe7 25. cxd5 Rde8 26. Kf1 Ba5 27. Nf3 Re2 28. Bxf5 cxd5 29. g4 Rxb2 30. Nxd4 Bb6 31. Rd1 Rxa2 32. h4 a5 33. h5 a4 34. Nc2 Rf8 35. Ne3 a3 36. Kg1 Bxe3 37. fxe3 Rxf5 38. gxf5 Rb2 39. Rxd5 a2 40. Ra5 Rb1+ 41. Kf2 a1=Q 42. Rxa1 Rxa1 0-1

[Event "Slovakia Open Piestany-A 2022"]
[Site "Piestany"]
[Date "2022.07.13"]
[Round "4.26"]
[White "Sosovickova, Jana"]
[Black "Delgerdalai, Bayarjavkhlan"]
[Result "0-1"]
[ECO "B90"]
[WhiteElo "1958"]
[BlackElo "2209"]
[Annotator "ChessBase"]
[PlyCount "102"]
[EventDate "2022.07.12"]
[EventType "swiss"]
[EventCountry "SVK"]
[SourceTitle "playchess.com"]
[Source "ChessBase"]
[SourceQuality "1"]
[TimeControl "40/5400+30:1800+30"]

1. e4 c5 2. Nf3 d6 3. d4 cxd4 4. Nxd4 Nf6 5. Nc3 a6 6. Bd3 e5 7. Nde2 Be7 8. O-O Nc6 9. h3 O-O 10. f4 exf4 11. Nxf4 Ne5 12. Be2 Be6 13. Nfd5 Nxd5 14. Nxd5 Rc8 15. b3 Bxd5 16. exd5 Bf6 17. Be3 Ng6 18. Rc1 Re8 19. Bf2 Qa5 20. a4 Qc3 21. Bd3 Nf4 22. Qf3 Nxd3 23. Qxd3 Bg5 24. Rce1 Rxe1 25. Rxe1 Kf8 26. Bg3 Qxd3 27. cxd3 Be7 28. Re4 Rc5 29. Rc4 b5 30. axb5 axb5 31. Rxc5 dxc5 32. d6 Bf6 33. Bf2 Bd4 34. Bxd4 cxd4 35. Kf2 Ke8 36. Kf3 Kd7 37. Ke4 Kxd6 38. Kxd4 h5 39. g4 hxg4 40. hxg4 f6 41. b4 g6 42. Ke4 Ke6 43. d4 f5+ 44. gxf5+ gxf5+ 45. Kf4 Kd5 46. Kxf5 Kxd4 47. Kf4 Kc3 48. Ke3 Kxb4 49. Kd2 Kb3 50. Kc1 Ka2 51. Kc2 b4 0-1

[Event "Slovakia Open Piestany-A 2022"]
[Site "Piestany"]
[Date "2022.07.13"]
[Round "4.27"]
[White "Zdrazil, Patrik"]
[Black "Mizicka, Matus"]
[Result "0-1"]
[ECO "B00"]
[WhiteElo "2103"]
[BlackElo "1915"]
[Annotator "ChessBase"]
[PlyCount "40"]
[EventDate "2022.07.12"]
[EventType "swiss"]
[EventCountry "SVK"]
[SourceTitle "playchess.com"]
[Source "ChessBase"]
[SourceQuality "1"]
[TimeControl "40/5400+30:1800+30"]

1. Nf3 b6 2. e4 Bb7 3. Nc3 e6 4. g3 d6 5. Bg2 Nd7 6. O-O g6 7. d4 Bg7 8. Qe2 Ne7 9. Bg5 O-O 10. Rad1 h6 11. Bc1 a6 12. Rfe1 Kh7 13. e5 Rb8 14. h4 Nf5 15. h5 c5 16. dxc5 bxc5 17. exd6 Bxf3 18. Qxf3 Nd4 19. Qd3 Ne5 20. hxg6+ fxg6 0-1

[Event "Slovakia Open Piestany-A 2022"]
[Site "Piestany"]
[Date "2022.07.13"]
[Round "4.28"]
[White "Pennica, Andrea"]
[Black "Aradhya, Garg"]
[Result "0-1"]
[ECO "C55"]
[WhiteElo "1986"]
[BlackElo "2229"]
[Annotator "ChessBase"]
[PlyCount "82"]
[EventDate "2022.07.12"]
[EventType "swiss"]
[EventCountry "SVK"]
[SourceTitle "playchess.com"]
[Source "ChessBase"]
[SourceQuality "1"]
[TimeControl "40/5400+30:1800+30"]

1. e4 e5 2. Nf3 Nc6 3. Bc4 Nf6 4. O-O Nxe4 5. Bd5 Be7 6. c3 Nf6 7. Bxc6 dxc6 8. Nxe5 O-O 9. d4 c5 10. Be3 cxd4 11. cxd4 Nd5 12. Nc3 Be6 13. Qe2 Re8 14. f4 f6 15. f5 Nxe3 16. Qxe3 fxe5 17. dxe5 Bc4 18. Rad1 Bd6 19. Rf4 Rxe5 20. Qxe5 Bxe5 21. Rxd8+ Rxd8 22. Rxc4 Rd2 23. Re4 Bd4+ 24. Kf1 Kf7 25. Re2 Bxc3 26. bxc3 Rxe2 27. Kxe2 Kf6 28. g4 h5 29. Kf3 Kg5 30. h4+ Kxh4 31. gxh5 Kxh5 32. Kf4 Kh6 33. c4 c6 34. Ke5 Kg5 35. Ke6 Kf4 36. a4 Ke4 37. a5 b5 38. axb6 axb6 39. Kd6 b5 40. c5 b4 41. Kxc6 b3 0-1

[Event "Slovakia Open Piestany-A 2022"]
[Site "Piestany"]
[Date "2022.07.13"]
[Round "4.29"]
[White "Saravanan Durga"]
[Black "Zvarik, Martin"]
[Result "0-1"]
[ECO "E41"]
[WhiteElo "1908"]
[BlackElo "2213"]
[Annotator "ChessBase"]
[PlyCount "109"]
[EventDate "2022.07.12"]
[EventType "swiss"]
[EventCountry "SVK"]
[SourceTitle "playchess.com"]
[Source "ChessBase"]
[SourceQuality "1"]
[TimeControl "40/5400+30:1800+30"]

1. d4 Nf6 2. c4 e6 3. Nc3 Bb4 4. e3 O-O 5. Bd3 c5 6. Nf3 d6 7. O-O Bxc3 8. bxc3 Nc6 9. e4 e5 10. d5 Ne7 11. a4 a5 12. Ne1 Ng6 13. g3 Bh3 14. Ng2 Ne8 15. Re1 f5 16. exf5 Bxf5 17. Bxf5 Rxf5 18. h4 Qf6 19. Qc2 Qf7 20. Rb1 Rb8 21. Rb5 b6 22. Be3 Nf8 23. Reb1 Nd7 24. Qe4 Nc7 25. R5b2 Rf8 26. Ne1 Qg6 27. Nd3 Ne8 28. Qg2 Nef6 29. Bg5 Ng4 30. Be3 Nxe3 31. fxe3 Rf3 32. Nf4 Qg4 33. Ne6 Rxg3 34. Nxf8 Nxf8 35. Kh2 Qxh4+ 36. Kg1 Qg5 37. Kh2 Rxg2+ 38. Rxg2 Qxe3 39. Rxb6 Ng6 40. Rxd6 e4 41. Rd8+ Kf7 42. Rd7+ Kf6 43. Rd6+ Ke5 44. Re6+ Kf5 45. Re8 Qh6+ 46. Kg1 Nh4 47. Rf2+ Nf3+ 48. Rxf3+ exf3 49. Kf2 Qh2+ 50. Ke1 g5 51. Re3 Kf4 52. Re8 Kg3 53. d6 f2+ 54. Ke2 f1=Q+ 55. Ke3 0-1

[Event "Slovakia Open Piestany-A 2022"]
[Site "Piestany"]
[Date "2022.07.13"]
[Round "4.30"]
[White "Skreko, Igor"]
[Black "Soham Datar"]
[Result "1-0"]
[ECO "A58"]
[WhiteElo "2193"]
[BlackElo "2111"]
[Annotator "ChessBase"]
[PlyCount "79"]
[EventDate "2022.07.12"]
[EventType "swiss"]
[EventCountry "SVK"]
[SourceTitle "playchess.com"]
[Source "ChessBase"]
[SourceQuality "1"]
[TimeControl "40/5400+30:1800+30"]

1. d4 Nf6 2. c4 c5 3. d5 b5 4. cxb5 a6 5. bxa6 g6 6. Nc3 Bxa6 7. g3 d6 8. Bg2 Bg7 9. Nf3 Nbd7 10. Rb1 O-O 11. O-O Qc7 12. Qc2 Rfb8 13. b3 Qa5 14. Bb2 Nb6 15. Nd2 Bb7 16. e4 Nfd7 17. a4 Ba6 18. Rfd1 c4 19. Ba1 Qb4 20. bxc4 Qc5 21. Nb5 Bxa1 22. Rxa1 Bxb5 23. axb5 Rxa1 24. Rxa1 Ne5 25. Bf1 Rc8 26. Rc1 Qa3 27. Qc3 Qa7 28. Kg2 f5 29. Qd4 Qa2 30. exf5 gxf5 31. Qxb6 Qxd2 32. Qe3 Qb2 33. Qg5+ Ng6 34. Re1 Rf8 35. Bd3 Qc3 36. Re3 f4 37. gxf4 Rxf4 38. Bxg6 Rxf2+ 39. Kxf2 Qd2+ 40. Kg3 1-0

[Event "Slovakia Open Piestany-A 2022"]
[Site "Piestany"]
[Date "2022.07.13"]
[Round "4.31"]
[White "Chlpik, Martin"]
[Black "Michelle Catherina, P."]
[Result "0-1"]
[ECO "E29"]
[WhiteElo "2236"]
[BlackElo "2141"]
[Annotator "ChessBase"]
[PlyCount "58"]
[EventDate "2022.07.12"]
[EventType "swiss"]
[EventCountry "SVK"]
[SourceTitle "playchess.com"]
[Source "ChessBase"]
[SourceQuality "1"]
[TimeControl "40/5400+30:1800+30"]

1. d4 Nf6 2. c4 e6 3. Nc3 Bb4 4. a3 Bxc3+ 5. bxc3 c5 6. e3 Nc6 7. Bd3 b6 8. Ne2 O-O 9. O-O Ba6 10. Ng3 d6 11. Qe2 Rc8 12. Bb2 Na5 13. Rac1 Re8 14. e4 cxd4 15. cxd4 e5 16. Nf5 Nb3 17. Qe3 Nxc1 18. Rxc1 Nh5 19. g3 h6 20. Be2 Nf6 21. dxe5 dxe5 22. Rd1 Qc7 23. f4 exf4 24. Qf3 Re6 25. gxf4 Nxe4 26. Kh1 Bb7 27. Rd5 Nd2 28. Qg3 Rg6 29. Qe3 Bxd5+ 0-1

[Event "Slovakia Open Piestany-A 2022"]
[Site "Piestany"]
[Date "2022.07.15"]
[Round "5.1"]
[White "Kozak, Antoni"]
[Black "Omelja, Artem"]
[Result "1/2-1/2"]
[ECO "A06"]
[WhiteElo "2475"]
[BlackElo "2478"]
[Annotator "ChessBase"]
[PlyCount "204"]
[EventDate "2022.07.12"]
[EventType "swiss"]
[EventCountry "SVK"]
[SourceTitle "playchess.com"]
[Source "ChessBase"]
[SourceQuality "1"]
[TimeControl "40/5400+30:1800+30"]

1. Nf3 d5 2. e3 c5 3. b3 Nc6 4. Bb5 Bd7 5. O-O e6 6. Bb2 Nf6 7. c4 a6 8. Bxc6 Bxc6 9. Ne5 Rc8 10. d3 Be7 11. Qe2 O-O 12. Nxc6 Rxc6 13. e4 d4 14. e5 Nd7 15. Nd2 f5 16. exf6 gxf6 17. f4 f5 18. Rae1 Bf6 19. Kh1 Kh8 20. a3 a5 21. g4 Rb6 22. Rg1 Qc7 23. Qf3 Qc6 24. Qxc6 Rxc6 25. b4 axb4 26. axb4 Ra6 27. Nb3 cxb4 28. Bxd4 fxg4 29. Bxf6+ Rxf6 30. Rxg4 Ra3 31. Rb1 e5 32. fxe5 Nxe5 33. Rg3 Rf2 34. Re1 Ng6 35. d4 Rb2 36. Ree3 Raa2 37. d5 Rxh2+ 38. Kg1 Rhb2 39. Re1 Ra3 40. d6 Rbxb3 41. Rxb3 Rxb3 42. d7 Rd3 43. Re8+ Kg7 44. d8=Q Rxd8 45. Rxd8 Ne5 46. c5 Kf6 47. Rd6+ Kf5 48. Rb6 Ke4 49. Rxb4+ Kd5 50. Rxb7 Kxc5 51. Kf2 Kd4 52. Ke2 h5 53. Rh7 h4 54. Rxh4+ Kd5 55. Ra4 Nc4 56. Ra8 Kd4 57. Rd8+ Ke4 58. Rh8 Kd4 59. Rh4+ Kd5 60. Kd3 Ne5+ 61. Kc3 Nc6 62. Kd3 Ne5+ 63. Ke3 Nc4+ 64. Kf4 Nd6 65. Rh5+ Kd4 66. Rh1 Kd5 67. Rd1+ Ke6 68. Rd3 Nc4 69. Rd4 Nd6 70. Rd1 Nc4 71. Ke4 Nd6+ 72. Kd4 Nf5+ 73. Kc5 Ke5 74. Re1+ Kf4 75. Kc4 Nd6+ 76. Kd4 Nf5+ 77. Kd3 Ng7 78. Re7 Nh5 79. Kd4 Nf6 80. Re5 Ng4 81. Re1 Kf5 82. Kd5 Nf6+ 83. Kd4 Ng4 84. Rh1 Nf6 85. Rh8 Ng4 86. Kd5 Nf6+ 87. Kd4 Ng4 88. Rh5+ Kf4 89. Rh4 Kf5 90. Rh5+ Kf4 91. Ra5 Nh6 92. Ra4 Ng4 93. Kd5+ Kf5 94. Kd6 Nf6 95. Ra5+ Kf4 96. Ke6 Ng4 97. Ra4+ Kf3 98. Kf5 Ne3+ 99. Kg5 Nc2 100. Ra3+ Ne3 101. Ra2 Ke4 102. Rc2 Nxc2 1/2-1/2